 Dungeon Crawl Stone Soup version 0.27-a0-393-gba1aca71f1 (webtiles) character file.

Game seed: 15404685956062916461

5758 Froggeryz the Martial Artist (level 10, -1/50 HPs)
             Began as a Vine Stalker Chaos Knight on Feb 20, 2021.
             Was a Plaything of Xom.
             Shot with an arrow by a centaur warrior (20 damage)
             ... on level 10 of the Dungeon.
             The game lasted 00:14:28 (7714 turns).

Froggeryz the Martial Artist (VSCK)                 Turns: 7714, Time: 00:14:31

Health: -1/50      AC: 12    Str: 16    XL:     10   Next: 78%
Magic:  0/11       EV: 11    Int: 12    God:    Xom [....*.]
Gold:   286        SH:  5    Dex: 18    Spells: 7/9 levels left

rFire    . . .     SeeInvis .     - Unarmed
rCold    . . .     Faith    .   (no shield)
rNeg     . . .     Spirit   +   H - +0 acid dragon scales
rPois    .         Reflect  +   F - +1 hat
rElec    .         Harm     .   y - +0 cloak
rCorr    +         Rampage  .   n - +0 pair of gloves
Will     ++...                  m - +2 pair of boots {Stlth+}
Stlth    ++........             J - amulet of reflection
HPRegen  1.16/turn              e - +4 ring of slaying
MPRegen  0.12/turn              I - ring of willpower

@: hasted, very quick
A: fangs 3, agile 1, blurry vision 1, frail 1, mutation resistance 1,
regeneration 1, wild magic 1, magic shield, antimagic bite, no potion heal 3
a: Renounce Religion


You were on level 10 of the Dungeon.
You worshipped Xom.
You were a beloved toy of Xom.
You visited 1 branch of the dungeon, and saw 10 of its levels.

You collected 518 gold pieces.
You spent 232 gold pieces at shops.

Inventory:

Hand Weapons
 w - a +0 vorpal trident
Missiles
 r - 30 poisoned darts (quivered)
Armour
 m - a +2 pair of boots of stealth (worn)
 n - a +0 pair of gloves (worn)
 y - a +0 cloak (worn)
 A - a +0 tower shield
 F - a +1 hat (worn)
 H - +0 acid dragon scales (worn)
Jewellery
 a - a ring of ice
 e - a +4 ring of slaying (left hand)
 t - a +4 ring of slaying
 v - a ring of positive energy
 I - a ring of willpower (right hand)
 J - an amulet of reflection (around neck)
 N - an amulet of regeneration {unknown}
Wands
 j - a wand of flame (22)
 C - a wand of iceblast (5)
Scrolls
 b - 4 scrolls of fog
 g - 2 scrolls of amnesia {unknown}
 h - 2 scrolls of blinking {unknown}
 i - 8 scrolls of enchant armour {unknown}
 l - 2 scrolls of random uselessness {unknown}
 q - a scroll of immolation {unknown}
 s - 2 scrolls of fear {unknown}
 u - 4 scrolls of enchant weapon {unknown}
 z - 6 scrolls of magic mapping {unknown}
 D - a scroll of summoning {unknown}
 G - a scroll of teleportation
 K - 5 scrolls of identify
 L - a scroll of acquirement {unknown}
Potions
 c - 4 potions of brilliance
 d - 7 potions of curing
 f - a potion of haste
 k - a potion of heal wounds {unknown}
 o - 4 potions of degeneration
 p - 2 potions of mutation
 x - a potion of invisibility {unknown}
 B - a potion of lignification {unknown}
 E - a potion of flight
 M - a potion of cancellation {unknown}
 O - a potion of ambrosia {unknown}


   Skills:
 + Level 8.0 Fighting
 - Level 2.6 Polearms
 - Level 1.5 Armour
 - Level 0.7 Dodging
 * Level 13.0 Unarmed Combat


You had 7 spell levels left.
You knew the following spells:

 Your Spells              Type           Power        Failure   Level
a - Blink                 Tloc           N/A          65%         2

Your spell library contained the following spells:

 Spells                   Type           Power        Failure   Level
 Magic Dart               Conj           0%           50%         1
 Call Imp                 Summ           0%           65%         2
 Slow                     Hex            0%           65%         2
 Conjure Flame            Conj/Fire      0%           86%         3
 Mephitic Cloud           Conj/Pois/Air  0%           86%         3


Dungeon Overview and Level Annotations

Branches:
Dungeon (10/15)            Temple (0/1) D:4            Lair (0/6) D:10
    Orc: D:9-12

Altars:
Wu Jian

Shops:
D:4 [   D:6 !**[


Innate Abilities, Weirdness & Mutations

You have razor-sharp teeth.
Your natural rate of healing is unusually fast.
When hurt, damage is shared between your health and your magic reserves.
Your bite disrupts and absorbs the magic of your enemies.
Potions cannot restore your health.
You are agile. (Dex +2)
Scrolls take you a little longer to read.
You are frail. (-10% HP)
You are somewhat resistant to further mutation.
Your spells are a little harder to cast, but a little more powerful.


Message History

You pummel the centaur warrior!!
The centaur warrior is moderately wounded.
You hear a shout!
A centaur warrior comes into view.
The centaur warrior hits you. The slime creature hits you!
You hit the centaur warrior. You bite the centaur warrior! You drain its power.
You feel invigorated.
The centaur warrior is severely wounded.
The slime creature hits you but does no damage.
You punch the centaur warrior! You bite the centaur warrior.
You drain its power.
The centaur warrior is almost dead.
The centaur warrior hits you but does no damage.
The centaur warrior closely misses you. The slime creature hits you!
The centaur warrior wields a +0 longbow.
The centaur warrior shoots an arrow.
The arrow hits you!
* * * LOW HITPOINT WARNING * * *
The centaur warrior hits you but does no damage.
There is an open door, spattered with blood here.
Okay, then.
Really read with blurry vision while enemies are nearby? [Y]es or [N]o only, please.
Really read with blurry vision while enemies are nearby?
Okay, then.
You feel yourself speed up. The slime creature hits you.
* * * LOW HITPOINT WARNING * * *
Unknown command.
Unknown command.
Xom smirks.
You detect creatures!
The centaur warrior shoots an arrow.
You reflect the arrow off an invisible shield around you!
The arrow hits the centaur warrior!!
The bullfrog croaks.
Xom smirks.
You feel aware of your surroundings.
The bullfrog snags a nearby small bird with its tongue.
The centaur warrior shoots an arrow.
The arrow hits you!!
You die...
Xom is highly amused!

..#.........#,Q*,**,,,,,,#.#..#.#
###.........##,+,Z**,,,,,#.#.....
.............#,*R,,***,,,#.#..#.#
.....#######.##**+########.#.....
.....#.....#..##,........#.##.#.#
.....#.....#...###.......'.......
.....#.....#.....####....#...#..#
.....#.....#........######...#...
.....####'##.÷..@....J.c.....'...
......(................c.....#...
............÷................####
#'###.....(.............###...##*
(...######........>.....##.....##
.<[......#..)...........#..P....#
.........')F............#.P.....#
.........#)))...#'######.........
.........+......#.)÷.............


You could see a slime creature, 2 centaur warriors and a bullfrog.

Vanquished Creatures
  An elephant (D:10)
  Joseph (D:7)
  Maggie (D:7)
  A dream sheep (D:7)
  A yak (D:10)
  A water moccasin (D:8)
  3 orc warriors
  2 sky beasts
  An ice beast (D:7)
  2 black bears (D:10)
  2 ogres
  3 phantoms
  2 centaurs
  A kobold brigand (D:10)
  12 bullfrogs
  2 scorpions
  9 killer bees
  2 howler monkeys
  2 centaur zombies
  2 hounds
  8 orc priests
  4 centaur skeletons
  3 bullfrog skeletons
  4 iguanas
  8 orc wizards
  Natasha (twice) (D:4)
  12 worker ants
  3 hound zombies
  3 hound skeletons
  7 gnolls
  11 adders
  A shadow imp (D:9)
  A white imp (D:10)
  3 ufetubi
  An ooze (D:5)
  4 adder skeletons
  2 adder zombies (D:6)
  2 worms
  A dart slug (D:1)
  3 leopard geckos
  44 orcs
  8 giant cockroaches
  6 goblins
  5 hobgoblins
  3 jackals (D:5)
  4 quokkas
  10 bats
  6 frilled lizards
  A jackal zombie (D:6)
  12 kobolds
  2 leopard gecko zombies (D:8)
  8 rats
243 creatures vanquished.

Vanquished Creatures (collateral kills)
  2 ogres (D:8)
  Natasha (D:4)
  2 orc wizards (D:4)
  An ufetubus (D:8)
  7 orcs
13 creatures vanquished.

Vanquished Creatures (others)
  An orc warrior (D:7)
  An ooze (D:3)
  A withered plant (D:6)
3 creatures vanquished.

Grand Total: 259 creatures vanquished

Notes
Turn   | Place    | Note
-------+----------+-------------------------------------------
     0 | D:1      | Froggeryz the Vine Stalker Chaos Knight began the quest for
                  | the Orb.
     0 | D:1      | Reached XP level 1. HP: 11/11 MP: 2/2
   354 | D:1      | Reached skill level 1 in Unarmed Combat
   432 | D:1      | XOM: cloud trail
   776 | D:1      | Reached XP level 2. HP: 16/16 MP: 3/3
   921 | D:1      | Reached skill level 2 in Unarmed Combat
  1320 | D:2      | Reached XP level 3. HP: 19/19 MP: 4/4
  1393 | D:2      | XOM: smoke on damage
  1467 | D:2      | XOM: noise
  1545 | D:2      | XOM: give mutations
  1545 | D:2      | Gained mutation: Your spells are a little harder to cast,
                  | but a little more powerful. [Xom's mischief]
  1545 | D:2      | Gained mutation: Scrolls take you a little longer to read.
                  | [Xom's mischief]
  1545 | D:2      | Gained mutation: You are frail. (-10% HP) [Xom's mischief]
  1549 | D:2      | Reached skill level 3 in Unarmed Combat
  1566 | D:2      | XOM: 4-stop teleportation journey
  2133 | D:3      | Gained mutation: Your natural rate of healing is unusually
                  | fast. [Vine Stalker growth]
  2133 | D:3      | Reached XP level 4. HP: 20/20 MP: 5/5
  2247 | D:3      | XOM: cast spell 'Shadow Creatures'
  2463 | D:3      | XOM: confuse monster(s)
  2467 | D:3      | Reached skill level 4 in Unarmed Combat
  2473 | D:3      | Reached XP level 5. HP: 23/24 MP: 6/6
  2525 | D:3      | XOM: enchant monster (good)
  2529 | D:3      | XOM: butterfly on damage
  2589 | D:3      | Reached skill level 5 in Unarmed Combat
  2809 | D:4      | Noticed a phantom
  2816 | D:4      | XOM: fog
  2825 | D:4      | XOM: cast spell 'Chain of Chaos'
  2826 | D:4      | Reached XP level 6. HP: 28/28 MP: 5/7
  2827 | D:4      | XOM: divination: detect creatures
  2837 | D:4      | Reached skill level 6 in Unarmed Combat
  2868 | D:4      | Found Puibluog's Armour Emporium.
  2884 | D:4      | Noticed Natasha
  2892 | D:4      | Killed Natasha
  2999 | D:4      | Reached skill level 7 in Unarmed Combat
  2999 | D:4      | Reached XP level 7. HP: 31/31 MP: 8/8
  3069 | D:4      | Noticed Natasha
  3078 | D:4      | Killed Natasha
  3249 | D:4      | Noticed Natasha
  3256 | D:4      | Killed Natasha
  3333 | D:4      | Found a staircase to the Ecumenical Temple.
  3396 | D:5      | Entered Level 5 of the Dungeon
  3541 | D:5      | XOM: enchant monster (good)
  3559 | D:5      | Reached skill level 8 in Unarmed Combat
  3587 | D:5      | Gained mutation: You have razor-sharp teeth. [Vine Stalker
                  | growth]
  3587 | D:5      | Reached XP level 8. HP: 37/37 MP: 7/9
  3867 | D:5      | XOM: give mutations
  3867 | D:5      | Gained mutation: You are somewhat resistant to further
                  | mutation. [Xom's grace]
  3867 | D:5      | Gained mutation: You are agile. (Dex +2) [Xom's grace]
  4290 | D:6      | Found Cegilyes's General Store.
  4340 | D:6      | XOM: god gift: robe {god gift}
  4348 | D:6      | Bought a potion of curing for 39 gold pieces
  4423 | D:6      | Reached skill level 9 in Unarmed Combat
  4424 | D:6      | Found Omavyn's Armour Boutique.
  4656 | D:6      | Found Oro Neempe's General Store.
  4661 | D:6      | Bought a scroll of teleportation for 39 gold pieces
  4713 | D:6      | Found Picrati's Distillery.
  4716 | D:6      | Bought a potion of degeneration for 14 gold pieces
  4716 | D:6      | Bought a potion of haste for 140 gold pieces
  4807 | D:7      | Learned a level 2 spell: Blink
  4827 | D:7      | Noticed Joseph
  4841 | D:7      | Killed Joseph
  4842 | D:7      | Reached skill level 5 in Fighting
  4842 | D:7      | Reached skill level 10 in Unarmed Combat
  4842 | D:7      | Reached XP level 9. HP: 42/42 MP: 10/10
  5036 | D:7      | Noticed Harold
  5039 | D:7      | Noticed Harold
  5039 | D:7      | Harold changed into Harold the dream sheep
  5039 | D:7      | XOM: polymorph Harold -> Harold the dream sheep
  5043 | D:7      | XOM: summons 2 hostile demons
  5047 | D:7      | Killed Harold the dream sheep
  5109 | D:7      | XOM: fog
  5170 | D:7      | Noticed Maggie
  5173 | D:7      | XOM: destruction
  5177 | D:7      | Killed Maggie
  5178 | D:7      | Reached skill level 11 in Unarmed Combat
  5498 | D:7      | XOM: summons 1 hostile demon
  5499 | D:7      | Noticed a smoke demon
  5659 | D:7      | XOM: draining
  5694 | D:7      | XOM: silly message
  5728 | D:7      | XOM: draining
  5742 | D:8      | Found an ornate altar of the Wu Jian Council.
  5814 | D:8      | XOM: enchant monster (bad)
  5823 | D:7      | XOM: cast spell 'Death Channel'
  5827 | D:7      | XOM: smoke on damage
  5836 | D:8      | XOM: confuse monster(s)
  5879 | D:8      | Reached XP level 10. HP: 43/45 MP: 11/11
  5911 | D:8      | Reached skill level 12 in Unarmed Combat
  6057 | D:8      | XOM: 4-stop teleportation journey
  6303 | D:9      | XOM: god gift: 46 gold pieces
  6393 | D:9      | XOM: scenery: summon butterflies
  6423 | D:9      | XOM: god gift: spear {god gift}
  6596 | D:10     | Entered Level 10 of the Dungeon
  6624 | D:10     | XOM: scenery: 1 doors open
  6892 | D:9      | XOM: potion effect (haste)
  7140 | D:9      | XOM: summons 6 hostile demons
  7208 | D:10     | XOM: 1-stop teleportation journey
  7362 | D:10     | Noticed an elephant
  7365 | D:10     | Found a staircase to the Lair.
  7369 | D:10     | XOM: smoke on damage
  7374 | D:10     | Killed an elephant
  7377 | D:10     | XOM: enchant monster (good)
  7452 | D:10     | XOM: divination: magic mapping
  7458 | D:10     | Reached skill level 13 in Unarmed Combat
  7695 | D:10     | Noticed a centaur warrior
  7698 | D:10     | Noticed a centaur warrior
  7712 | D:10     | XOM: divination: detect creatures
  7714 | D:10     | XOM: divination: magic mapping
  7714 | D:10     | Shot with an arrow by a centaur warrior

Illustrated notes

Levels and vault maps discovered:
D:1:      amcnicky_arrival_wind_blow, layout_basic
D:2:      layout_rooms
D:3:      layout_loops_ring
D:4:      layout_cave_pools, minmay_temple_entry_statues_fountains,
          serial_shops, shop, uniq_natasha
D:5:      layout_loops_cross
D:6:      layout_rooms, serial_undead, serial_undead_c, serial_undead_f,
          serial_undead_f, serial_undead_b, serial_shops, shop,
          kennysheep_little_box, kennysheep_mini_moat,
          nicolae_shop_window_shopping
D:7:      layout_loops_corners, uniq_joseph, uniq_harold, uniq_maggie
D:8:      layout_cave_pools, lemuel_round_altar
D:9:      layout_long_grid
D:10:     minmay_sliced_demisemicircle, layout_irregular_city,
          david_lair_generic, serial_glass, glass_columns_b, glass_columns_b

Skill      XL: |  1  2  3  4  5  6  7  8  9 10 |
---------------+-------------------------------+-----
Unarmed Combat | 1 2 3 4 5 7 8 10 11 13 | 13.0
Fighting       | 3 5 6 8 |  8.0
Polearms       | |  2.6
Armour         | |  1.5
Dodging        | |  0.7

Action                   |  1- 3 |  4- 6 |  7- 9 | 10-12 || total
-------------------------+-------+-------+-------+-------++-------
Melee: Spear             |   110 |    92 |       |       ||   202
       Bite              |    16 |    20 |    74 |    48 ||   158
       Punch             |     2 |       |     7 |    14 ||    23
       Trident           |       |    13 |    71 |       ||    84
       Unarmed           |       |       |   160 |   165 ||   325
Throw: Dart              |       |     6 |     4 |       ||    10
Evoke: Wand              |       |       |     4 |       ||     4
  Use: Scroll            |       |       |     6 |       ||     6
       Potion            |       |       |     1 |     3 ||     4
 Stab: Paralysed         |     2 |       |       |       ||     2
       Petrifying        |       |     2 |       |       ||     2
       Confused          |       |     1 |       |       ||     1
       Sleeping          |       |       |     2 |       ||     2
Armor: Leather armour    |     4 |       |       |       ||     4
       Scale mail        |    38 |    33 |    67 |       ||   138
       Ring mail         |     3 |       |       |       ||     3
       Acid dragon scale |       |       |    15 |    92 ||   107
Dodge: Dodged            |    45 |    36 |    88 |    97 ||   266
Block: Other             |       |       |    13 |    44 ||    57
       Reflection        |       |       |       |     3 ||     3

Table legend: (Time is in decaauts)
 A = Elapsed time spent in this place.
 B = Non-inter-level travel time spent in this place.
 C = Inter-level travel time spent in this place.
 D = Time resting spent in this place.
 E = Time spent auto-exploring this place.
 F = Levels seen in this place.
 G = Mean time per level.
                   A        B        C        D        E       F      G
               +--------+--------+--------+--------+--------+-----+--------+
         Total |   7652 |   7271 |    381 |    528 |   5217 |  10 |  765.2 |
       Dungeon |   7652 |   7271 |    381 |    528 |   5217 |  10 |  765.2 |
               +--------+--------+--------+--------+--------+-----+--------+

Top non-repeatable levels by time:
     D:1: 1231 daAuts
     D:7: 951 daAuts
     D:2: 862 daAuts
     D:5: 791 daAuts
     D:9: 750 daAuts
     D:3: 738 daAuts
     D:4: 689 daAuts
    D:10: 613 daAuts
     D:8: 532 daAuts
     D:6: 490 daAuts
